 Dungeon Crawl Stone Soup version 0.30.0-19-g36f170ea60 (webtiles) character file.

Game seed: 2303935894245417728

251 tizbic2 the Chopper (level 6, -6/55 HPs)
             Began as a Hill Orc Delver on May 27, 2023.
             Mangled by a mummy (18 damage)
             ... in an ossuary.
             The game lasted 00:03:53 (793 turns).

tizbic2 the Chopper (Hill Orc Delver)                Turns: 793, Time: 00:03:53

Health: -6/55      AC:  3    Str: 17    XL:     6   Next: 13%
Magic:  6/6        EV: 12    Int: 10    God:
Gold:   20         SH:  0    Dex: 12    Spells: 5/5 levels left

rFire   . . .        a - +0 hand axe
rCold   . . .        (no shield)
rNeg    . . .        b - +0 leather armour
rPois   .            (no helmet)
rElec   .            (no cloak)
rCorr   .            (no gloves)
SInv    .            (no boots)
Will    .....        (no amulet)
Stlth   ++           (no ring)
HPRegen 0.29/turn    (no ring)
MPRegen 0.10/turn

%: no passive effects
@: no status effects
A: no striking features
a: no special abilities


You were in an ossuary.
You visited 1 branch of the dungeon, and saw 1 of its levels.
You also visited: Ossuary.

You collected 20 gold pieces.

Inventory:

Hand Weapons
 a - a +0 hand axe (weapon)
Armour
 b - a +0 leather armour (worn)
Wands
 g - a wand of digging (3)
Scrolls
 c - a scroll of fog
 e - a scroll of fear


   Skills:
 + Level 4.8 Fighting
 * Level 5.5 Axes
 + Level 2.5 Armour
 + Level 2.6 Dodging
 - Level 4.1 Stealth


You had 5 spell levels left.
You didn't know any spells.
Your spell library was empty.

Dungeon Overview and Level Annotations

Branches:
Dungeon (5/15)            Ossuary (1/1)
 Temple: D:4-7

Altars:


Message History

There is an open door here.
You open the door. 2 mummies come into view.
Found a gate leading back out of this place.
The mummy hits you.
There is an open door here.
You hit the mummy.
The mummy is moderately damaged.
The mummy hits you!
You hit the mummy.
The mummy is moderately damaged.
You hit the mummy. You barely miss the mummy.
The mummy is moderately damaged.
You hit the mummy. The mummy closely misses you. The mummy hits you!
The mummy closely misses you. The mummy hits you!
There is an open door, spattered with blood here.
You hit the mummy.
The mummy is heavily damaged.
You slash the mummy!
The mummy is almost destroyed.
The mummy hits you but does no damage.
You barely miss the mummy.
The mummy is almost destroyed.
You barely miss the mummy.
The mummy is almost destroyed.
The mummy hits you!
* * * LOW HITPOINT WARNING * * *
You closely miss the mummy.
The mummy is almost destroyed.
You slash the mummy!
You destroy the mummy!
You hit the mummy. You hit the mummy.
The mummy is severely damaged.
The mummy barely misses you.
You barely miss the mummy.
The mummy is severely damaged.
The mummy hits you!!
You die...

####### ###########
..#...#!!!!#...#...#
..'.∩.#!)$!+.∩.M@..#
..#...#!?!?#...#...#
..##### #######...#
..# #...# ### #'###
..# #...# ..# #...#
..# #...# ..# #...#


You could see a mummy.

Vanquished Creatures
  4 water moccasin zombies (Ossuary)
  A mummy (Ossuary)
  An adder zombie (Ossuary)
  2 gnoll zombies (Ossuary)
  7 hobgoblin zombies (Ossuary)
  4 kobold zombies (Ossuary)
  6 orc zombies (Ossuary)
25 creatures vanquished.

Notes
Turn   | Place    | Note
-------+----------+-------------------------------------------
     0 | D:5      | tizbic2 the Hill Orc Delver began the quest for the Orb.
     0 | D:5      | Reached XP level 1. HP: 19/19 MP: 1/1
    61 | D:5      | Found a sand-covered staircase.
    65 | D:5      | Noticed a black bear
    87 | D:5      | Noticed a black bear
   109 | Ossuary  | Entered an ossuary
   130 | Ossuary  | Noticed a water moccasin zombie
   143 | Ossuary  | Killed a water moccasin zombie
   144 | Ossuary  | Reached skill level 4 in Axes
   144 | Ossuary  | Reached skill level 1 in Armour
   144 | Ossuary  | Reached XP level 2. HP: 10/27 MP: 2/2
   144 | Ossuary  | Reached XP level 3. HP: 13/33 MP: 3/3
   144 | Ossuary  | Reached XP level 4. HP: 16/40 MP: 4/4
   309 | Ossuary  | Reached XP level 5. HP: 23/47 MP: 5/5
   313 | Ossuary  | HP: 1/47 [water moccasin zombie (7)]
   520 | Ossuary  | Reached skill level 5 in Axes
   635 | Ossuary  | Reached XP level 6. HP: 22/55 MP: 6/6
   793 | Ossuary  | Mangled by a mummy

Illustrated notes

Levels and vault maps discovered:
D:5:      layout_loops_corners, nicolae_ossuary_entry_monument
Ossuary:  ossuary_tomb_2

Skill      XL: |  1  2  3  4  5 |
---------------+----------------+-----
Fighting       | 4 |  4.8
Axes           | 4 5 |  5.5
Armour         | 1 2 |  2.5
Dodging        | 2 |  2.6
Stealth        | |  4.1

Action                     |  1- 3 |  4- 6 || total
---------------------------+-------+-------++-------
  Melee: Hand axe          |     9 |   114 ||   123
  Evoke: Wand              |     8 |     2 ||    10
    Use: Potion            |     1 |     1 ||     2
         Scroll            |     1 |       ||     1
   Stab: Sleeping          |       |     3 ||     3
 Armour: Leather armour    |     9 |    27 ||    36
  Dodge: Dodged            |    16 |    54 ||    70
